| TOP OF THE 1ST |
|
Kennewick Bear Cubs batting - Pitching for Coos Bay-North Bend Blue Soxs : RHP Carlos Garcia
|
|
Pitching: RHP Carlos Garcia
|
|
|
Batting: RHB Matthew Sferrazza
|
0-0: Ball 1-0: Ball 2-0: Fly out, F9 (Flyball, 9, EV 74.4 MPH)
|
|
Batting: LHB Steven Morris
|
0-0: Called Strike 0-1: Ball 1-1: Ball 2-1: Fly out, F7 (Flyball, 7LS, EV 88.8 MPH)
|
|
Batting: LHB Jose Birriel
|
0-0: Called Strike 0-1: Fly out, F7 (Flyball, 7, EV 85.6 MPH)
|
| Top of the 1st over - 0 runs, 0 hits, 0 errors, 0 left on base; Kennewick 0 - Coos Bay-North Bend 0 |
| BOTTOM OF THE 1ST |
|
Coos Bay-North Bend Blue Soxs batting - Pitching for Kennewick Bear Cubs : LHP Faustino Fortinho
|
|
Pitching: LHP Faustino Fortinho
|
|
|
Batting: LHB Dwight Taylor
|
0-0: Swinging Strike 0-1: DOUBLE (Groundball, 3L, EV 103.8 MPH)
|
|
Batting: RHB Danny Quintana
|
0-0: Ground out 3-1 (Groundball, 34, EV 83.1 MPH) Dwight Taylor to third
|
|
Batting: LHB Curt Reed
|
0-0: Called Strike 0-1: Ground out 4-3 (Groundball, 34D, EV 84.4 MPH) Dwight Taylor scores
|
|
Batting: RHB Bob Gergen
|
0-0: Called Strike 0-1: Ball 1-1: Called Strike 1-2: Ball 2-2: SINGLE (Line Drive, 34D, EV 95.0 MPH)
|
|
Batting: LHB Pat Castiglia
|
0-0: Ball 1-0: Called Strike Bob Gergen is caught stealing 2nd base 2-6
|
| Bottom of the 1st over - 1 run, 2 hits, 0 errors, 0 left on base; Kennewick 0 - Coos Bay-North Bend 1 |
| TOP OF THE 2ND |
|
Kennewick Bear Cubs batting - Pitching for Coos Bay-North Bend Blue Soxs : RHP Carlos Garcia
|
|
Batting: RHB Jonathan Black
|
0-0: Called Strike 0-1: Fly out, F3 (Line Drive, 3, EV 68.8 MPH)
|
|
Batting: RHB Roger Jensen
|
0-0: Called Strike 0-1: Called Strike 0-2: Ball 1-2: Foul Ball, location: 2F 1-2: Ball 2-2: Strikes out swinging
|
|
Pitching: RHP Mark Holton
|
|
|
Batting: RHB Ruben Machado
|
0-0: Ball 1-0: Foul Ball, location: 2F 1-1: Swinging Strike 1-2: Strikes out swinging
|
| Top of the 2nd over - 0 runs, 0 hits, 0 errors, 0 left on base; Kennewick 0 - Coos Bay-North Bend 1 |
| BOTTOM OF THE 2ND |
|
Coos Bay-North Bend Blue Soxs batting - Pitching for Kennewick Bear Cubs : LHP Faustino Fortinho
|
|
Batting: LHB Pat Castiglia
|
0-0: Called Strike 0-1: Ball 1-1: Ball 2-1: Ground out 4-3 (Groundball, 4, EV 80.0 MPH)
|
|
Batting: RHB Bob Glendening
|
0-0: Ball 1-0: Ball 2-0: Called Strike 2-1: Called Strike 2-2: Foul Ball, location: 2F 2-2: Fly out, F6 (Line Drive, 6, EV 65.0 MPH)
|
|
Batting: RHB Jim Felt
|
0-0: Called Strike 0-1: Ball 1-1: Foul Ball, location: 2F 1-2: Ball 2-2: Strikes out looking
|
| Bottom of the 2nd over - 0 runs, 0 hits, 0 errors, 0 left on base; Kennewick 0 - Coos Bay-North Bend 1 |
| TOP OF THE 3RD |
|
Kennewick Bear Cubs batting - Pitching for Coos Bay-North Bend Blue Soxs : RHP Mark Holton
|
|
Batting: SHB Eriberto Them
|
0-0: Called Strike 0-1: Called Strike 0-2: Strikes out swinging
|
|
Batting: LHB Shane Fairbanks
|
0-0: Foul Ball, location: 2F 0-1: Swinging Strike 0-2: Foul Ball, location: 2F 0-2: Ball 1-2: Ball 2-2: Strikes out swinging
|
|
Batting: LHB John Mizerock
|
0-0: Swinging Strike 0-1: Called Strike 0-2: Strikes out swinging
|
| Top of the 3rd over - 0 runs, 0 hits, 0 errors, 0 left on base; Kennewick 0 - Coos Bay-North Bend 1 |
| BOTTOM OF THE 3RD |
|
Coos Bay-North Bend Blue Soxs batting - Pitching for Kennewick Bear Cubs : LHP Faustino Fortinho
|
|
Batting: RHB James Jeffries
|
0-0: Called Strike 0-1: Fly out, F3 (Flyball, 3D, EV 87.5 MPH)
|
|
Batting: RHB Henry Noble
|
0-0: Foul Ball, location: 2F 0-1: Foul Ball, location: 2F 0-2: Foul Ball, location: 2F 0-2: Ball 1-2: Ball 2-2: Ground out 6-3 (Groundball, 6, EV 89.4 MPH)
|
|
Batting: LHB Dwight Taylor
|
0-0: Ball 1-0: Called Strike 1-1: Ball 2-1: Ball 3-1: Base on Balls
|
|
Batting: RHB Danny Quintana
|
0-0: Ball Dwight Taylor is caught stealing 2nd base 2-4
|
| Bottom of the 3rd over - 0 runs, 0 hits, 0 errors, 0 left on base; Kennewick 0 - Coos Bay-North Bend 1 |
| TOP OF THE 4TH |
|
Kennewick Bear Cubs batting - Pitching for Coos Bay-North Bend Blue Soxs : RHP Mark Holton
|
|
Batting: RHB Matthew Sferrazza
|
0-0: Ball 1-0: Ball 2-0: SINGLE (Groundball, 56D, EV 101.9 MPH)
|
|
Batting: LHB Steven Morris
|
0-0: Ball 1-0: Ball 2-0: Ball 3-0: Called Strike 3-1: Base on Balls Matthew Sferrazza to second
|
|
Batting: LHB Jose Birriel
|
0-0: 3-RUN HOME RUN (Flyball, 9LD, EV 105.0 MPH), Distance : 371 ft
|
|
Batting: RHB Jonathan Black
|
0-0: Ground out 5-3 (Groundball, 15, EV 83.1 MPH)
|
|
Batting: RHB Roger Jensen
|
0-0: Fly out, F8 (Flyball, 8RM, EV 87.5 MPH)
|
|
Batting: RHB Ruben Machado
|
0-0: Foul Ball, location: 2F 0-1: Ball 1-1: Fly out, F8 (Flyball, 8LS, EV 81.3 MPH)
|
| Top of the 4th over - 3 runs, 2 hits, 0 errors, 0 left on base; Kennewick 3 - Coos Bay-North Bend 1 |
| BOTTOM OF THE 4TH |
|
Coos Bay-North Bend Blue Soxs batting - Pitching for Kennewick Bear Cubs : LHP Faustino Fortinho
|
|
Batting: RHB Danny Quintana
|
0-0: Called Strike 0-1: Called Strike 0-2: Ball 1-2: Foul Ball, location: 2F 1-2: Ball 2-2: Ball 3-2: SINGLE (Groundball, 6D, EV 108.8 MPH)
|
|
Batting: LHB Curt Reed
|
0-0: Ball 1-0: Ball 2-0: Called Strike 2-1: Foul Ball, location: 2F 2-2: Grounds into double play, 5-4-3 (Groundball, 56, EV 83.8 MPH)
|
|
Batting: RHB Bob Gergen
|
0-0: Ball 1-0: Ball 2-0: Swinging Strike 2-1: SINGLE (Line Drive, 6D, EV 112.5 MPH)
|
|
Batting: LHB Pat Castiglia
|
0-0: Called Strike 0-1: Called Strike 0-2: Ball 1-2: Ball 2-2: Ball 3-2: SINGLE (Line Drive, 8RS, EV 113.1 MPH) Bob Gergen to second Bob Gergen to third
|
|
Batting: RHB Bob Glendening
|
0-0: Fly out, F1 (Line Drive, P, EV 62.5 MPH)
|
| Bottom of the 4th over - 0 runs, 3 hits, 0 errors, 2 left on base; Kennewick 3 - Coos Bay-North Bend 1 |
| TOP OF THE 5TH |
|
Kennewick Bear Cubs batting - Pitching for Coos Bay-North Bend Blue Soxs : RHP Mark Holton
|
|
Batting: SHB Eriberto Them
|
0-0: Ball 1-0: Called Strike 1-1: Fly out, F6 (Flyball, 6D, EV 88.1 MPH)
|
|
Batting: LHB Shane Fairbanks
|
0-0: Called Strike 0-1: Ground out 5-3 (Groundball, 5, EV 90.0 MPH)
|
|
Batting: LHB John Mizerock
|
0-0: Ball 1-0: Ball 2-0: Ball 3-0: Called Strike 3-1: Base on Balls
|
|
Pitching: RHP Brian Stemberger
|
|
|
Batting: RHB Matthew Sferrazza
|
0-0: Fielders Choice at 2nd, 6-4 (Groundball, 6, EV 103.8 MPH)
|
| Top of the 5th over - 0 runs, 0 hits, 0 errors, 1 left on base; Kennewick 3 - Coos Bay-North Bend 1 |
| BOTTOM OF THE 5TH |
|
Coos Bay-North Bend Blue Soxs batting - Pitching for Kennewick Bear Cubs : LHP Faustino Fortinho
|
|
Batting: RHB Jim Felt
|
0-0: Foul Ball, location: 2F 0-1: Foul Ball, location: 2F 0-2: Strikes out looking
|
|
Batting: RHB James Jeffries
|
0-0: Ground out 6-3 (Groundball, 6, EV 91.3 MPH)
|
|
Batting: RHB Henry Noble
|
0-0: Ball 1-0: Swinging Strike 1-1: Ground out 6-3 (Groundball, 6, EV 105.6 MPH)
|
| Bottom of the 5th over - 0 runs, 0 hits, 0 errors, 0 left on base; Kennewick 3 - Coos Bay-North Bend 1 |
| TOP OF THE 6TH |
|
Kennewick Bear Cubs batting - Pitching for Coos Bay-North Bend Blue Soxs : RHP Brian Stemberger
|
|
Batting: LHB Steven Morris
|
0-0: Ball 1-0: Called Strike 1-1: SOLO HOME RUN (Flyball, 9D, EV 85.6 MPH), Distance : 363 ft
|
|
Batting: LHB Jose Birriel
|
0-0: Ball 1-0: Ball 2-0: Ball 3-0: Called Strike 3-1: Base on Balls
|
|
Batting: RHB Jonathan Black
|
0-0: Swinging Strike 0-1: Ball 1-1: Ball 2-1: Swinging Strike 2-2: Strikes out looking
|
|
Batting: RHB Roger Jensen
|
0-0: Ball 1-0: Swinging Strike 1-1: Called Strike 1-2: Ball 2-2: Ball Passed Ball! Jose Birriel to second 3-2: Ground out 4-3 (Groundball, 4, EV 86.3 MPH) Jose Birriel to third
|
|
Batting: RHB Ruben Machado
|
0-0: Ball Wild Pitch! Jose Birriel scores 1-0: Fly out, F9 (Flyball, 9D, EV 103.8 MPH)
|
| Top of the 6th over - 2 runs, 1 hit, 0 errors, 0 left on base; Kennewick 5 - Coos Bay-North Bend 1 |
| BOTTOM OF THE 6TH |
|
Coos Bay-North Bend Blue Soxs batting - Pitching for Kennewick Bear Cubs : LHP Faustino Fortinho
|
|
Batting: LHB Dwight Taylor
|
0-0: Ball 1-0: Ball 2-0: Called Strike 2-1: Swinging Strike 2-2: Fly out, F8 (Line Drive, 8LD, EV 101.3 MPH)
|
|
Batting: RHB Danny Quintana
|
0-0: Ball 1-0: Called Strike 1-1: Ball 2-1: Fly out, F8 (Flyball, 78D, EV 95.0 MPH)
|
|
Batting: LHB Curt Reed
|
0-0: Ball 1-0: Ball 2-0: Ball 3-0: Called Strike 3-1: SINGLE (Line Drive, 6D, EV 98.1 MPH)
|
|
Batting: RHB Bob Gergen
|
0-0: Foul Ball, location: 2F 0-1: 2-RUN HOME RUN (Flyball, 9LD, EV 93.1 MPH), Distance : 346 ft
|
|
Batting: LHB Pat Castiglia
|
0-0: Ball 1-0: Foul Ball, location: 2F 1-1: SINGLE (Flyball, 5D, EV 92.5 MPH)
|
|
Batting: RHB Bob Glendening
|
0-0: SINGLE (Groundball, 5S, EV 63.8 MPH) (infield hit) Pat Castiglia to second
|
|
Batting: RHB Jim Felt
|
0-0: Swinging Strike 0-1: Called Strike 0-2: Ground out 4-3 (Groundball, 4, EV 96.3 MPH)
|
| Bottom of the 6th over - 2 runs, 4 hits, 0 errors, 2 left on base; Kennewick 5 - Coos Bay-North Bend 3 |
| TOP OF THE 7TH |
|
Kennewick Bear Cubs batting - Pitching for Coos Bay-North Bend Blue Soxs : RHP Brian Stemberger
|
|
Batting: SHB Eriberto Them
|
0-0: Ball 1-0: Called Strike 1-1: Ball 2-1: Ball 3-1: Foul Ball, location: 2F 3-2: Ground out 5-3 (Groundball, 5L, EV 82.5 MPH)
|
|
Batting: LHB Shane Fairbanks
|
0-0: Ball 1-0: Ball 2-0: Foul Ball, location: 2F 2-1: Swinging Strike 2-2: Foul Ball, location: 2F 2-2: Strikes out swinging
|
|
Batting: LHB John Mizerock
|
0-0: Ball 1-0: Called Strike 1-1: Foul Ball, location: 2F 1-2: Strikes out swinging
|
| Top of the 7th over - 0 runs, 0 hits, 0 errors, 0 left on base; Kennewick 5 - Coos Bay-North Bend 3 |
| BOTTOM OF THE 7TH |
|
Coos Bay-North Bend Blue Soxs batting - Pitching for Kennewick Bear Cubs : LHP Faustino Fortinho
|
|
Batting: RHB James Jeffries
|
0-0: Called Strike 0-1: Ball 1-1: Foul Ball, location: 2F 1-2: Fly out, F6 (Popup, 6MS, EV 83.1 MPH)
|
|
Batting: RHB Henry Noble
|
0-0: Ball 1-0: Ball 2-0: Called Strike 2-1: SINGLE (Groundball, 56S, EV 70.6 MPH) (infield hit)
|
|
Pitching: RHP Bryan Funk
|
|
|
Batting: LHB Dwight Taylor
|
0-0: Ball 1-0: Ball 2-0: Called Strike 2-1: Fielders Choice at 2nd, 3-6 (Groundball, 3, EV 90.6 MPH)
|
|
Batting: RHB Danny Quintana
|
0-0: Ball 1-0: Called Strike 1-1: Ball 2-1: Ground out 4-3 (Groundball, 4, EV 86.9 MPH)
|
| Bottom of the 7th over - 0 runs, 1 hit, 0 errors, 1 left on base; Kennewick 5 - Coos Bay-North Bend 3 |
| TOP OF THE 8TH |
|
Kennewick Bear Cubs batting - Pitching for Coos Bay-North Bend Blue Soxs : RHP Brian Stemberger
|
|
Batting: RHB Matthew Sferrazza
|
0-0: Foul Ball, location: 2F 0-1: Foul Ball, location: 2F 0-2: Foul Ball, location: 2F 0-2: Ball 1-2: Ball 2-2: Fly out, F6 (Line Drive, 6, EV 73.1 MPH)
|
|
Pitching: LHP Steven Manderfield
|
|
|
Batting: LHB Steven Morris
|
0-0: Swinging Strike 0-1: Ball 1-1: Foul Ball, location: 2F 1-2: Foul Ball, location: 2F 1-2: Ball 2-2: Fly out, F5 (Popup, 5, EV 55.6 MPH)
|
|
Batting: LHB Jose Birriel
|
0-0: Ball 1-0: Ball 2-0: Ball 3-0: Called Strike 3-1: Base on Balls
|
|
Batting: RHB Jonathan Black
|
0-0: Ball 1-0: Called Strike 1-1: Fly out, F9 (Flyball, 9LM, EV 89.4 MPH)
|
| Top of the 8th over - 0 runs, 0 hits, 0 errors, 1 left on base; Kennewick 5 - Coos Bay-North Bend 3 |
| BOTTOM OF THE 8TH |
|
Coos Bay-North Bend Blue Soxs batting - Pitching for Kennewick Bear Cubs : RHP Bryan Funk
|
|
Batting: LHB Curt Reed
|
0-0: Foul Ball, location: 2F 0-1: SINGLE (Groundball, 6D, EV 108.8 MPH)
|
|
Batting: RHB Bob Gergen
|
0-0: Ball 1-0: Ball 2-0: Fly out, F9 (Flyball, 9, EV 91.9 MPH)
|
|
Batting: LHB Pat Castiglia
|
0-0: Foul Ball, location: 2F 0-1: Grounds into double play, 4-6-3 (Groundball, 4D, EV 84.4 MPH)
|
| Bottom of the 8th over - 0 runs, 1 hit, 0 errors, 0 left on base; Kennewick 5 - Coos Bay-North Bend 3 |
| TOP OF THE 9TH |
|
Kennewick Bear Cubs batting - Pitching for Coos Bay-North Bend Blue Soxs : LHP Steven Manderfield
|
|
Pitching: RHP Domingo Almanzar
|
|
|
Batting: RHB Roger Jensen
|
0-0: Ball 1-0: Called Strike 1-1: Ground out 4-3 (Groundball, 4MD, EV 108.8 MPH)
|
|
Batting: RHB Ruben Machado
|
0-0: Called Strike 0-1: Fly out, F6 (Flyball, 56D, EV 86.9 MPH)
|
|
Batting: SHB Eriberto Them
|
0-0: Called Strike 0-1: Swinging Strike 0-2: SINGLE (Groundball, 6MS, EV 70.0 MPH) (infield hit)
|
|
Batting: LHB Shane Fairbanks
|
0-0: Ball Eriberto Them steals 2nd base (no throw) 1-0: Foul Ball, location: 2F 1-1: Fly out, F4 (Popup, 34, EV 54.4 MPH)
|
| Top of the 9th over - 0 runs, 1 hit, 0 errors, 1 left on base; Kennewick 5 - Coos Bay-North Bend 3 |
| BOTTOM OF THE 9TH |
|
Coos Bay-North Bend Blue Soxs batting - Pitching for Kennewick Bear Cubs : RHP Bryan Funk
|
|
Pitching: LHP Dan Yokubaitis
|
|
|
Now in CF: Kenneth Whitfield
|
|
|
Batting: RHB Bob Glendening
|
0-0: Called Strike 0-1: Ball 1-1: Ball 2-1: Foul Ball, location: 2F 2-2: Strikes out swinging
|
|
Batting: RHB Jim Felt
|
0-0: Called Strike 0-1: Ball 1-1: Foul Ball, location: 2F 1-2: Ball 2-2: Foul Ball, location: 2F 2-2: Strikes out looking
|
|
Batting: RHB James Jeffries
|
0-0: Ball 1-0: Foul Ball, location: 2F 1-1: Ball 2-1: Fly out, F7 (Line Drive, 7D, EV 98.1 MPH)
|
| Bottom of the 9th over - 0 runs, 0 hits, 0 errors, 0 left on base; Kennewick 5 - Coos Bay-North Bend 3 |
|